TOP OF THE 1ST |
Calgary Cowboys batting - Pitching for Vancouver Vipers : RHP Gustavo Ramos
|
Pitching: RHP Gustavo Ramos
|
|
Batting: RHB Clark Hodge
|
0-0: Swinging Strike 0-1: Called Strike 0-2: Strikes out swinging
|
Batting: LHB Donald Schultz
|
0-0: Ball 1-0: Ball 2-0: Foul Ball, location: 2F 2-1: Swinging Strike 2-2: Strikes out swinging
|
Batting: RHB Dan Wyatt
|
0-0: Ground out 6-3 (Groundball, 6)
|
Top of the 1st over - 0 run(s), 0 hit(s), 0 error(s), 0 left on base; Calgary 0 - Vancouver 0 |
BOTTOM OF THE 1ST |
Vancouver Vipers batting - Pitching for Calgary Cowboys : RHP Eric Bell
|
Pitching: RHP Eric Bell
|
|
Batting: LHB Mike Williams
|
0-0: Ball 1-0: Ball 2-0: Ball 3-0: Called Strike 3-1: Base on Balls
|
Batting: RHB Kel Pierce
|
0-0: Called Strike 0-1: Ball 1-1: Ball 2-1: Called Strike 2-2: Strikes out swinging
|
Batting: SHB Henry Copeland
|
0-0: Ball 1-0: Called Strike 1-1: Ball 2-1: Swinging Strike 2-2: Fly out, F7 (Flyball, 78M)
|
Batting: RHB Xavier Feliciano
|
0-0: DOUBLE (Flyball, 9D) Mike Williams to third
|
Batting: RHB Arthur Dumais
|
0-0: Ball 1-0: Ball 2-0: Ball 3-0: Called Strike 3-1: Foul Ball, location: 2F 3-2: Fly out, F4 (Popup, 4D)
|
Bottom of the 1st over - 0 run(s), 1 hit(s), 0 error(s), 2 left on base; Calgary 0 - Vancouver 0 |
TOP OF THE 2ND |
Calgary Cowboys batting - Pitching for Vancouver Vipers : RHP Gustavo Ramos
|
Batting: RHB Cristián Peña
|
0-0: Ball 1-0: DOUBLE (Groundball, 5L)
|
Batting: LHB Al Ryan
|
0-0: Swinging Strike 0-1: Fly out, F7 (Line Drive, 7S)
|
Batting: RHB Ramón Martínez
|
0-0: Ball 1-0: Fly out, F8 (Flyball, 8RD) Runner from 2nd tags up, SAFE at 3rd, no throw
|
Batting: RHB Jesús Hernández
|
0-0: Ball Wild Pitch! Cristián Peña scores 1-0: Foul Ball, location: 2F 1-1: Foul Ball, location: 2F 1-2: Ball 2-2: Fly out, F9 (Flyball, 9S)
|
Top of the 2nd over - 1 run(s), 1 hit(s), 0 error(s), 0 left on base; Calgary 1 - Vancouver 0 |
BOTTOM OF THE 2ND |
Vancouver Vipers batting - Pitching for Calgary Cowboys : RHP Eric Bell
|
Batting: RHB Pedro Fuentes
|
0-0: Ball 1-0: Ball 2-0: Swinging Strike 2-1: Ball 3-1: Swinging Strike 3-2: Ground out 4-3 (Groundball, 4M)
|
Batting: RHB Tomás Ovies
|
0-0: Called Strike 0-1: Ball 1-1: Fly out, F9 (Flyball, 89S)
|
Batting: LHB Malcolm Thomas
|
0-0: Ball 1-0: Called Strike 1-1: SINGLE (Flyball, 8RS)
|
Batting: RHB Kenneth Corbitt
|
0-0: Ball 1-0: Called Strike 1-1: Called Strike 1-2: Foul Ball, location: 2F 1-2: Ball 2-2: SINGLE (Groundball, 3D) Malcolm Thomas to second Runner from 2nd tries for 3rd, SAFE, no throw or cutoff
|
Batting: LHB Mike Williams
|
0-0: Called Strike 0-1: SINGLE (Line Drive, 78S) Malcolm Thomas scores Kenneth Corbitt to second
|
Batting: RHB Kel Pierce
|
0-0: Ball 1-0: Called Strike 1-1: Reached on error, E5 (Groundball, 5S) Kenneth Corbitt scores Mike Williams to third
|
Batting: SHB Henry Copeland
|
0-0: Foul Ball, location: 2F 0-1: SINGLE (Line Drive, 4MD) Mike Williams scores Kel Pierce to third Runner from 3rd tries for Home, SAFE, no throw or cutoff
|
Batting: RHB Xavier Feliciano
|
0-0: Ball 1-0: Called Strike 1-1: Foul Ball, location: 2F 1-2: DOUBLE (Flyball, 78XD) Henry Copeland to third
|
Batting: RHB Arthur Dumais
|
0-0: Ball 1-0: Ball 2-0: Foul Ball, location: 2F 2-1: Foul Ball, location: 2F 2-2: Ball 3-2: SINGLE (Line Drive, 8RS) Henry Copeland scores Xavier Feliciano to third Xavier Feliciano scores
|
Batting: RHB Pedro Fuentes
|
0-0: Ball 1-0: Ball 2-0: Called Strike 2-1: Foul Ball, location: 2F 2-2: Ground out 6-3 (Groundball, 6)
|
Bottom of the 2nd over - 6 run(s), 6 hit(s), 1 error(s), 1 left on base; Calgary 1 - Vancouver 6 |
TOP OF THE 3RD |
Calgary Cowboys batting - Pitching for Vancouver Vipers : RHP Gustavo Ramos
|
Batting: RHB Tom Yarbrough
|
0-0: Called Strike 0-1: Foul Ball, location: 2F 0-2: Fly out, F8 (Flyball, 8RXD)
|
Batting: RHB Iain Liefting
|
0-0: Ball 1-0: Fly out, F8 (Line Drive, 8RD)
|
Batting: RHB Clark Hodge
|
0-0: Foul Ball, location: 2F 0-1: Fly out, F8 (Flyball, 8RD)
|
Top of the 3rd over - 0 run(s), 0 hit(s), 0 error(s), 0 left on base; Calgary 1 - Vancouver 6 |
BOTTOM OF THE 3RD |
Vancouver Vipers batting - Pitching for Calgary Cowboys : RHP Eric Bell
|
Batting: RHB Tomás Ovies
|
0-0: Ball 1-0: Fly out, F8 (Flyball, 8RD)
|
Batting: LHB Malcolm Thomas
|
0-0: Fly out, F4 (Popup, 4MS)
|
Batting: RHB Kenneth Corbitt
|
0-0: Swinging Strike 0-1: Ball 1-1: Swinging Strike 1-2: Strikes out swinging
|
Bottom of the 3rd over - 0 run(s), 0 hit(s), 0 error(s), 0 left on base; Calgary 1 - Vancouver 6 |
TOP OF THE 4TH |
Calgary Cowboys batting - Pitching for Vancouver Vipers : RHP Gustavo Ramos
|
Batting: LHB Donald Schultz
|
0-0: Foul Ball, location: 2F 0-1: Ball 1-1: Called Strike 1-2: Ball 2-2: Foul Ball, location: 2F 2-2: Fly out, F9 (Flyball, 89M)
|
Batting: RHB Dan Wyatt
|
0-0: Ball 1-0: Called Strike 1-1: Foul Ball, location: 2F 1-2: Ball 2-2: Strikes out swinging
|
Batting: RHB Cristián Peña
|
0-0: Called Strike 0-1: Ball 1-1: Foul Ball, location: 2F 1-2: Fly out, F1 (Popup, 23)
|
Top of the 4th over - 0 run(s), 0 hit(s), 0 error(s), 0 left on base; Calgary 1 - Vancouver 6 |
BOTTOM OF THE 4TH |
Vancouver Vipers batting - Pitching for Calgary Cowboys : RHP Eric Bell
|
Batting: LHB Mike Williams
|
0-0: Ball 1-0: Called Strike 1-1: Ball 2-1: Foul Ball, location: 2F 2-2: Ball 3-2: Fly out, F9 (Flyball, 89M)
|
Batting: RHB Kel Pierce
|
0-0: Ball 1-0: Called Strike 1-1: SINGLE (Flyball, 34D)
|
Batting: SHB Henry Copeland
|
0-0: Called Strike 0-1: Ball 1-1: Foul Ball, location: 2F 1-2: Strikes out swinging
|
Batting: RHB Xavier Feliciano
|
0-0: Called Strike 0-1: Foul Ball, location: 2F 0-2: Ball 1-2: Foul Ball, location: 2F 1-2: SINGLE (Line Drive, 5D) Kel Pierce to second
|
Batting: RHB Arthur Dumais
|
0-0: Swinging Strike 0-1: Ball 1-1: Ball 2-1: Ball 3-1: Ground out 3-1 (Groundball, 4)
|
Bottom of the 4th over - 0 run(s), 2 hit(s), 0 error(s), 2 left on base; Calgary 1 - Vancouver 6 |
TOP OF THE 5TH |
Calgary Cowboys batting - Pitching for Vancouver Vipers : RHP Gustavo Ramos
|
Batting: LHB Al Ryan
|
0-0: Called Strike 0-1: Ball 1-1: Swinging Strike 1-2: Strikes out looking
|
Batting: RHB Ramón Martínez
|
0-0: Ball 1-0: Foul Ball, location: 2F 1-1: Foul Ball, location: 2F 1-2: Strikes out swinging
|
Batting: RHB Jesús Hernández
|
0-0: Foul Ball, location: 2F 0-1: Ball 1-1: Ball 2-1: SINGLE (Groundball, 34)
|
Batting: RHB Tom Yarbrough
|
0-0: Called Strike 0-1: Swinging Strike 0-2: Strikes out swinging
|
Top of the 5th over - 0 run(s), 1 hit(s), 0 error(s), 1 left on base; Calgary 1 - Vancouver 6 |
BOTTOM OF THE 5TH |
Vancouver Vipers batting - Pitching for Calgary Cowboys : RHP Eric Bell
|
Pitching: LHP Mario Rosário
|
|
Batting: RHB Pedro Fuentes
|
0-0: Called Strike 0-1: Called Strike 0-2: Foul Ball, location: 2F 0-2: Ground out 6-3 (Groundball, 6)
|
Batting: RHB Tomás Ovies
|
0-0: Ball 1-0: Called Strike 1-1: Foul Ball, location: 2F 1-2: SINGLE (Line Drive, 6MD)
|
Batting: LHB Malcolm Thomas
|
0-0: Ball 1-0: Called Strike 1-1: Called Strike 1-2: Strikes out looking
|
Batting: RHB Kenneth Corbitt
|
0-0: Called Strike 0-1: Fielders Choice at 2nd, U4 (Groundball, 4M)
|
Bottom of the 5th over - 0 run(s), 1 hit(s), 0 error(s), 1 left on base; Calgary 1 - Vancouver 6 |
TOP OF THE 6TH |
Calgary Cowboys batting - Pitching for Vancouver Vipers : RHP Gustavo Ramos
|
Batting: RHB Iain Liefting
|
0-0: Ball 1-0: Ball 2-0: Ball 3-0: Called Strike 3-1: Swinging Strike 3-2: Ground out 5-3 (Groundball, 5S)
|
Batting: RHB Clark Hodge
|
0-0: Called Strike 0-1: Fly out, F4 (Popup, 13)
|
Batting: LHB Donald Schultz
|
0-0: Ball 1-0: Fly out, F3 (Line Drive, 3)
|
Top of the 6th over - 0 run(s), 0 hit(s), 0 error(s), 0 left on base; Calgary 1 - Vancouver 6 |
BOTTOM OF THE 6TH |
Vancouver Vipers batting - Pitching for Calgary Cowboys : LHP Mario Rosário
|
Batting: LHB Mike Williams
|
0-0: Ground out 6-3 (Groundball, 6M)
|
Batting: RHB Kel Pierce
|
0-0: Ball 1-0: Ball 2-0: Ball 3-0: Base on Balls
|
Batting: SHB Henry Copeland
|
0-0: Ball 1-0: Called Strike 1-1: Ball 2-1: SINGLE (Groundball, 4M) Kel Pierce to second
|
Batting: RHB Xavier Feliciano
|
0-0: Ball 1-0: Ball 2-0: Grounds into double play, U4-3 (Groundball, 4M)
|
Bottom of the 6th over - 0 run(s), 1 hit(s), 0 error(s), 1 left on base; Calgary 1 - Vancouver 6 |
TOP OF THE 7TH |
Calgary Cowboys batting - Pitching for Vancouver Vipers : RHP Gustavo Ramos
|
Batting: RHB Dan Wyatt
|
0-0: Ball 1-0: Ground out 4-3 (Groundball, 34)
|
Batting: RHB Cristián Peña
|
0-0: SINGLE (Line Drive, 56)
|
Batting: LHB Al Ryan
|
0-0: Called Strike 0-1: Ball 1-1: Swinging Strike 1-2: Ball 2-2: Foul Ball, location: 2F 2-2: Strikes out swinging
|
Batting: RHB Ramón Martínez
|
0-0: Fly out, F9 (Flyball, 9M)
|
Top of the 7th over - 0 run(s), 1 hit(s), 0 error(s), 1 left on base; Calgary 1 - Vancouver 6 |
BOTTOM OF THE 7TH |
Vancouver Vipers batting - Pitching for Calgary Cowboys : LHP Mario Rosário
|
Pitching: RHP Aluizio Subgua
|
|
Batting: RHB Arthur Dumais
|
0-0: Ball 1-0: Ball 2-0: Ball 3-0: Base on Balls
|
Batting: RHB Pedro Fuentes
|
0-0: Sac Bunt - play at first, batter OUT! 2-4 Arthur Dumais to second
|
Batting: RHB Tomás Ovies
|
0-0: Called Strike 0-1: Ball 1-1: Ground out 5-3 (Groundball, 56)
|
Batting: LHB Malcolm Thomas
|
0-0: Called Strike 0-1: Swinging Strike 0-2: Ball 1-2: Ball 2-2: Ball 3-2: Ground out U3 (Groundball, 3L)
|
Bottom of the 7th over - 0 run(s), 0 hit(s), 0 error(s), 1 left on base; Calgary 1 - Vancouver 6 |
TOP OF THE 8TH |
Calgary Cowboys batting - Pitching for Vancouver Vipers : RHP Gustavo Ramos
|
Now in LF: Ray Spencer
|
|
Batting: RHB Jesús Hernández
|
0-0: Ball 1-0: Swinging Strike 1-1: Foul Ball, location: 2F 1-2: Strikes out looking
|
Batting: RHB Tom Yarbrough
|
0-0: Ball 1-0: Ground out 5-3 (Groundball, 5)
|
Batting: RHB Iain Liefting
|
0-0: Foul Ball, location: 2F 0-1: Swinging Strike 0-2: Ball 1-2: Ground out 6-3 (Groundball, 6M)
|
Top of the 8th over - 0 run(s), 0 hit(s), 0 error(s), 0 left on base; Calgary 1 - Vancouver 6 |
BOTTOM OF THE 8TH |
Vancouver Vipers batting - Pitching for Calgary Cowboys : RHP Aluizio Subgua
|
Batting: RHB Kenneth Corbitt
|
0-0: Ball 1-0: Foul Ball, location: 2F 1-1: Ball 2-1: Ball 3-1: Base on Balls
|
Batting: LHB Mike Williams
|
0-0: Bunt missed! 0-1: Bunted foul 0-2: Ball 1-2: Fly out, F8 (Flyball, 8RM)
|
Batting: RHB Kel Pierce
|
0-0: Called Strike Kenneth Corbitt is caught stealing 2nd base 0-1: Fly out, F8 (Flyball, 8LXD)
|
Bottom of the 8th over - 0 run(s), 0 hit(s), 0 error(s), 0 left on base; Calgary 1 - Vancouver 6 |
TOP OF THE 9TH |
Calgary Cowboys batting - Pitching for Vancouver Vipers : RHP Gustavo Ramos
|
Batting: RHB Clark Hodge
|
0-0: Called Strike 0-1: Foul Ball, location: 2F 0-2: Ball 1-2: Foul Ball, location: 2F 1-2: Strikes out swinging
|
Pitching: LHP Malcolm Moore
|
|
Batting: LHB Donald Schultz
|
0-0: Ground out 4-3 (Groundball, 4)
|
Batting: RHB Dan Wyatt
|
0-0: DOUBLE (Line Drive, 78D)
|
Batting: RHB Cristián Peña
|
0-0: Ball 1-0: Ground out 5-3 (Groundball, 5S)
|
Top of the 9th over - 0 run(s), 1 hit(s), 0 error(s), 1 left on base; Calgary 1 - Vancouver 6 |
|